 Dungeon Crawl Stone Soup version 0.30.0-15-g856e2d3f33 (webtiles) character file.

Game seed: 4196198790070023295

130 DemonSlayer the Digger (level 4, -3/30 HPs)
             Began as a Demonspawn Earth Elementalist on May 19, 2023.
             Slain by a gnoll
             ... wielding a +0 halberd
              (10 damage)
             ... on level 3 of the Dungeon.
             The game lasted 00:04:11 (2089 turns).

DemonSlayer the Digger (DsEE)                       Turns: 2089, Time: 00:04:12

Health: -3/30      AC:  3    Str:  9    XL:     4   Next: 90%
Magic:  2/8        EV: 11    Int: 16    God:
Gold:   189        SH:  4    Dex: 15    Spells: 0/9 levels left

rFire   . . .        g - +0 short sword (vamp)
rCold   . . .        q - +1 buckler {reflect}
rNeg    . . .        a - +0 robe
rPois   .            (no helmet)
rElec   .            h - scarf {shadows}
rCorr   .            e - +0 pair of gloves
SInv    .            (no boots)
Will    .....        (no amulet)
Stlth   ++           (no ring)
HPRegen 0.25/turn    (no ring)
MPRegen 0.11/turn

%: reflection
@: mighty
A: powered by pain 1, spiny 1
a: no special abilities


You were on level 3 of the Dungeon.
You visited 1 branch of the dungeon, and saw 3 of its levels.

You collected 189 gold pieces.

Inventory:

Hand Weapons
 g - a +0 vampiric short sword (weapon)
 i - a +0 dagger
Armour
 a - a +0 robe (worn)
 e - a +0 pair of gloves (worn)
 h - a scarf of shadows (worn)
 q - a +1 buckler of reflection (worn)
Scrolls
 f - a scroll of poison
 k - a scroll of vulnerability {unknown}
 l - 2 scrolls of teleportation
 r - a scroll of fog {unknown}
Potions
 b - a potion of magic
 c - 4 potions of curing
 d - a potion of might {unknown}
 j - a potion of mutation
 m - a potion of heal wounds
 n - a potion of invisibility
 o - a potion of experience {unknown}
 p - 2 potions of flight {unknown}


   Skills:
 + Level 0.2 Fighting
 + Level 0.3 Short Blades
 + Level 2.0 Dodging
 + Level 2.2 Stealth
 + Level 3.2 Spellcasting
 + Level 0.8 Transmutations
 + Level 4.0 Earth Magic


You couldn't memorise any spells.
You knew the following spells:

 Your Spells              Type           Power      Damage    Failure   Level
a - Sandblast             Erth           30%        2d9       5%          1
b - Passwall              Tmut/Erth      8%         N/A       16%         2
c - Stone Arrow           Conj/Erth      18%        3d8       36%         3
d - Tukima's Dance        Hex            2%         N/A       65%         3

Your spell library contained the following spells:

 Spells                   Type           Power      Damage    Failure   Level
 Petrify                  Tmut/Erth      10%        N/A       71%         4
 Passage of Golubria      Tloc           2%         N/A       96%         4
 Yara's Violent Unravell  Hex/Tmut       1%         3d3       100%        5


Dungeon Overview and Level Annotations

Branches:
Dungeon (3/15)

Altars:
Gozag


Innate Abilities, Weirdness & Mutations

You sometimes gain a little power by taking damage.
You are partially covered in sharp spines.


Message History

You can't see any susceptible monsters within range! (Use Z to cast anyway.)
You can't see any susceptible monsters within range! (Use Z to cast anyway.)
You now have 189 gold pieces (gained 7).
A gnoll comes into view. It is wielding a +0 halberd.
A gnoll is nearby!
A gnoll is nearby!
A gnoll is nearby!
A gnoll is nearby!
A gnoll is nearby!
A gnoll is nearby!
A gnoll is nearby!
The blast of sand misses the gnoll.
You block the gnoll's attack. 2 gnolls come into view.
The gnoll shouts!
The gnoll is struck by your spines. The gnoll closely misses you.
The blast of sand hits the gnoll.
The gnoll is severely wounded.
The gnoll shouts!
The gnoll barely misses you.
The blast of sand hits the gnoll!
You kill the gnoll!
The blast of sand hits the gnoll.
The gnoll is heavily wounded.
The gnoll barely misses you.
The blast of sand misses the gnoll.
The blast of sand hits the gnoll.
The gnoll is lightly wounded.
The gnoll closely misses you. x2
The gnoll hits you from afar with a +0 spear.
The blast of sand misses the gnoll.
The gnoll hits you from afar with a +0 spear!
The gnoll misses you.
The blast of sand hits the gnoll.
The gnoll is almost dead.
The gnoll closely misses you.
The gnoll hits you from afar with a +0 halberd!
* * * LOW HITPOINT WARNING * * *
You focus on the pain.
You feel very mighty all of a sudden.
The gnoll hits you from afar with a +0 halberd!
You die...

#.##.....##.........###
#.###....###.......##
#.##.>.....##.....##
#.##....... ##...##
#.##.......# #+##
#.##.#...## #........#
####.########
#..@)g.... #####g##.. #


You could see 2 gnolls.

Vanquished Creatures
  6 adders
  A gnoll (D:3)
  2 dart slugs
  10 endoplasms
  A giant cockroach (D:2)
  5 goblins
  4 hobgoblins
  2 jackals (D:2)
  2 quokkas
  6 ball pythons
  6 bats
  3 frilled lizards
  6 kobolds
  8 rats
62 creatures vanquished.

Notes
Turn   | Place    | Note
-------+----------+-------------------------------------------
     0 | D:1      | DemonSlayer the Demonspawn Earth Elementalist began the
                  | quest for the Orb.
     0 | D:1      | Reached XP level 1. HP: 13/13 MP: 3/3
   137 | D:1      | Reached skill level 3 in Earth Magic
   308 | D:1      | Gained mutation: You sometimes gain a little power by
                  | taking damage. [demonic ancestry]
   308 | D:1      | Reached XP level 2. HP: 19/19 MP: 3/5
   885 | D:1      | Learned a level 2 spell: Passwall
   916 | D:2      | Gained mutation: You are partially covered in sharp spines.
                  | [demonic ancestry]
   916 | D:2      | Reached XP level 3. HP: 24/24 MP: 4/6
  1014 | D:2      | Found an opulent altar of Gozag.
  1261 | D:2      | Reached XP level 4. HP: 30/30 MP: 6/8
  1810 | D:3      | Learned a level 3 spell: Stone Arrow
  1814 | D:3      | Learned a level 3 spell: Tukima's Dance
  2030 | D:3      | Reached skill level 4 in Earth Magic
  2089 | D:3      | Slain by a gnoll

Illustrated notes

Levels and vault maps discovered:
D:1:      minmay_arrival_solitary_statue, layout_basic
D:2:      layout_rooms, basic_altar
D:3:      layout_loops_corners, uniq_jessica

Skill      XL: |  1  2  3  4 |
---------------+-------------+-----
Earth Magic    | 3 4 |  4.0
Dodging        | 2 |  2.0
Spellcasting   | 3 |  3.2
Stealth        | 2 |  2.2
Fighting       | |  0.2
Short Blades   | |  0.3
Transmutations | |  0.8

Action                     |  1- 3 |  4- 6 || total
---------------------------+-------+-------++-------
  Melee: Unarmed           |     1 |       ||     1
         Short sword       |    26 |    12 ||    38
   Cast: Sandblast         |    42 |    28 ||    70
    Use: Scroll            |     2 |     4 ||     6
         Potion            |     1 |       ||     1
   Stab: Sleeping          |       |     2 ||     2
 Armour: Robe              |    15 |     3 ||    18
  Dodge: Dodged            |    30 |    20 ||    50
  Block: Buckler           |       |     3 ||     3
